 Dungeon Crawl Stone Soup version 0.18-a0-884-gb6cfd45 (webtiles) character file.

1793 Raultor the Insei (level 8, -4/69 HPs)
             Began as a Green Draconian Transmuter on Dec 22, 2015.
             Was an Initiate of Ashenzari.
             Killed from afar by Raultor's ghost (21 damage)
             ... with a bolt of negative energy
             ... on level 8 of the Dungeon.
             The game lasted 00:16:50 (7229 turns).

Raultor the Insei (Green Draconian Transmuter)      Turns: 7229, Time: 00:16:51

Health: -4/69      AC:  7    Str: 12    XL:     8   Next: 82%
Magic:  7/11       EV: 15    Int: 18    God:    Ashenzari [......]
Gold:   352        SH:  0    Dex: 14    Spells: 3 memorised, 3 levels left

rFire  . . .     SeeInvis .       - Unarmed
rCold  . . .     Gourm    .     (armour unavailable)
rNeg   . . .     Faith    .     (no shield)
rPois  +         Spirit   .     (helmet restricted)
rElec  .         Dismiss  .     p - +0 cloak
rCorr  .         Reflect  .     (no gloves)
SustAt .         Harm     .     (no boots)
MR     .....                    (no amulet)
Stlth  +.........               q - +4 ring of intelligence (curse)
                                f - +2 ring of evasion (curse)

@: appendage, heavily drained, not resistant to hostile enchantments, very
unstealthy
A: breathe noxious fumes, unfitting armour, horns 2, poison resistance,
cold-blooded, AC +6
a: Breathe Noxious Fumes, End Transformation, Renounce Religion


You were on level 8 of the Dungeon.
You worshipped Ashenzari.
Ashenzari was noncommittal.
You were hungry.
You had grown temporary horns.
You visited 2 branches of the dungeon, and saw 9 of its levels.

You collected 352 gold pieces.

Inventory:

Missiles
 a - 64 arrows
 k - 2 throwing nets {=f, !d}
Armour
 p - a +0 cloak (worn)
   (You took it off Crazy Yiuf on level 2 of the Dungeon)
Jewellery
 f - a cursed +2 ring of evasion (left hand)
   (You found it on level 1 of the Dungeon)
 h - an uncursed ring of see invisible {sInv, !d}
   (You took it off a goblin on level 2 of the Dungeon)
 q - a cursed +4 ring of intelligence (right hand)
   (You found it on level 4 of the Dungeon)
 r - an uncursed ring of positive energy {rN+}
   (You found it on level 3 of the Dungeon)
Wands
 n - a wand of invisibility (4/9)
   (You found it on level 6 of the Dungeon)
Scrolls
 d - 4 scrolls of identify {unknown}
 e - 2 scrolls of immolation {unknown}
 i - a scroll of recharging {unknown}
 j - a scroll of enchant weapon {unknown}
 m - a scroll of magic mapping {unknown}
 s - 2 scrolls of blinking {unknown}
 u - a scroll of amnesia {unknown}
 v - 2 scrolls of random uselessness {unknown}
 A - a scroll of curse armour
 C - a scroll of remove curse
 E - a scroll of curse jewellery
Potions
 l - a potion of poison {unknown}
 o - a potion of mutation {unknown}
 t - a potion of agility {unknown}
 x - 3 potions of heal wounds {unknown}
 D - a potion of haste {unknown}
 F - a potion of cancellation {unknown}
Books
 b - a book of Changes
 y - a book of Death
   (You found it on level 6 of the Dungeon)
Comestibles
 c - 2 bread rations {@e1}
 g - 2 slices of pizza
 w - 4 meat rations {@e2}
 z - a beef jerky
 B - 5 fruits
 G - 5 chunks of flesh {@w0}


   Skills:
 + Level 5.4(3.8) Fighting
 + Level 4.8(3.3) Dodging
 * Level 7.8(6.1) Unarmed Combat
 - Level 2.0(0.5) Spellcasting
 + Level 5.5(3.9) Transmutations


You had 3 spell levels left.
You knew the following spells:

 Your Spells              Type           Power        Failure   Level  Hunger
a - Beastly Appendage     Trmt           ##....       4%          1    ##.....
s - Sticks to Snakes      Trmt           ##......     8%          2    ###....
x - Blade Hands           Trmt           ##........   93%         5    ######.


Dungeon Overview and Level Annotations

Branches:
Dungeon (7/15)             Temple (1/1) D:5

Altars:
Ashenzari
Cheibriados
Dithmenos
Fedhas
Gozag
Kikubaaqudgha
Makhleb
Nemelex Xobeh
Okawaru
Pakellas
Qazlal
Ru
Sif Muna
Trog
Vehumet
Yredelemnul
Zin
The Shining One
Lugonu

Annotations:
D:4 exclusion: Menkaure, Menkaure
D:8 Raultor's ghost, novice DrTm


Innate Abilities, Weirdness & Mutations

You can breathe blasts of noxious fumes.
Your lurid green scales are hard (AC +6).
Your body does not fit into most forms of armour.
Your system is resistant to poisons.
You are cold-blooded and may be slowed by cold attacks.
You have a pair of horns on your head.


Message History

You create a snake!
You now have 66 arrows.
You now have 9/11 mp.
Casting: Sticks to Snakes You create a snake!
You now have 65 arrows.
You are feeling hungry.
You now have 7/11 mp.
Casting: Sticks to Snakes You create a snake!
You now have 64 arrows.
Raultor's ghost misses your ball python.
You now have 5/11 mp.
Casting: Sticks to Snakes You grow a pair of large bovine horns.
Your ball python completely misses Raultor's ghost.
Raultor's ghost hits your ball python!
Your ball python dies!
You now have 4/11 mp.
Your adder bites Raultor's ghost but does no damage.
Your ball python misses Raultor's ghost.
Raultor's ghost hits you!
You take 8 damage, and have 61/69 hp.
You closely miss Raultor's ghost.
Your adder bites Raultor's ghost but does no damage.
Your ball python closely misses Raultor's ghost.
You barely miss Raultor's ghost. Your headbutt misses Raultor's ghost.
Your tail-slap misses Raultor's ghost.
Your adder bites Raultor's ghost but does no damage.
Raultor's ghost hits you.
Your ball python barely misses Raultor's ghost.
Your adder bites Raultor's ghost but does no damage.
You take 4 damage, and have 58/69 hp.
You hit Raultor's ghost but do no damage.
Your tail-slap misses Raultor's ghost.
Your ball python bites Raultor's ghost but does no damage.
Raultor's ghost closely misses you.
Your adder bites Raultor's ghost but does no damage.
You miss Raultor's ghost.
You headbutt Raultor's ghost, but do no damage.
Your ball python barely misses Raultor's ghost.
Raultor's ghost completely misses you.
Your adder barely misses Raultor's ghost.
You hit Raultor's ghost but do no damage.
Your tail-slap misses Raultor's ghost.
Your ball python bites Raultor's ghost but does no damage.
Raultor's ghost hits you!
Your adder barely misses Raultor's ghost.
Your ball python completely misses Raultor's ghost.
You take 10 damage, and have 48/69 hp.
You closely miss Raultor's ghost.
Your adder barely misses Raultor's ghost.
Raultor's ghost hits you but does no damage.
Your ball python barely misses Raultor's ghost.
You miss Raultor's ghost.
Your adder bites Raultor's ghost.
Your ball python closely misses Raultor's ghost.
Raultor's ghost misses you.
You hit Raultor's ghost. You tail-slap Raultor's ghost.
Your adder bites Raultor's ghost but does no damage.
Your ball python bites Raultor's ghost but does no damage.
You miss Raultor's ghost. You tail-slap Raultor's ghost.
Raultor's ghost breathes negative energy at you.
The bolt of negative energy hits you!
You feel drained.
Your adder closely misses Raultor's ghost.
Your ball python misses Raultor's ghost.
You take 12 damage, and have 37/69 hp.
You miss Raultor's ghost.
Your adder bites Raultor's ghost but does no damage.
Raultor's ghost hits you.
Your ball python misses Raultor's ghost.
You take 3 damage, and have 34/69 hp.
You hit Raultor's ghost but do no damage.
Your adder bites Raultor's ghost but does no damage.
Raultor's ghost hits you!
Your ball python closely misses Raultor's ghost.
You take 7 damage, and have 27/69 hp.
Your adder bites Raultor's ghost.
Your ball python barely misses Raultor's ghost.
Your adder bites Raultor's ghost.
Your ball python misses Raultor's ghost.
Your adder bites Raultor's ghost but does no damage.
Your adder bites Raultor's ghost but does no damage.
Your ball python misses Raultor's ghost.
Raultor's ghost breathes negative energy at you.
The bolt of negative energy hits you!
You feel drained.
* * * LOW HITPOINT WARNING * * *
You take 14 damage, and have 14/69 hp.
MASSIVE DAMAGE!!
Your adder completely misses Raultor's ghost.
Your ball python closely misses Raultor's ghost.
Raultor's ghost keens inconsolably.
Your ball python withers and dies!
Your adder barely misses Raultor's ghost.
Raultor's ghost whispers, "Meet the emptiness of death!"
Something misses Raultor's ghost.
Your adder bites Raultor's ghost.
Your adder barely misses Raultor's ghost.
Raultor's ghost breathes negative energy at you.
The bolt of negative energy hits you!
You feel drained.
You die...

.. ######......#
........#..##
.######...#######
#..##≈≈≈≈≈##
#..#≈≈≈≈≈≈≈#
#..#≈≈...≈≈#
###..#≈≈._.≈≈#
#...@#≈≈...≈≈#
#.#..#≈≈≈.≈≈≈#
#.##.##≈≈.≈≈## ##
#.#.W.###'### ..
#.#S#.###.# .##
#.#.#.....# ..
#.#.###^### .#
#.#.# #.#


You could see Raultor's ghost and a friendly adder.

Vanquished Creatures
  Grinder (D:6)
  A centaur (D:8)
  3 giant frogs (D:6)
  A gnoll sergeant (D:5)
  A big kobold (D:8)
  6 scorpions
  6 wights (D:6)
  A crimson imp (D:5)
  A centaur skeleton (D:6)
  An orc priest (D:4)
  Crazy Yiuf (D:2)
  3 hounds
  Natasha (D:2)
  2 iguanas (D:6)
  5 worker ants
  Terence (D:2)
  A hound zombie (D:5)
  11 gnolls
  A worker ant zombie (D:5)
  5 adders
  A shadow imp (D:6)
  An adder skeleton (D:8)
  2 worms
  2 giant geckos
  6 orcs
  A ball python (D:3)
  5 giant cockroaches
  11 goblins
  5 hobgoblins
  11 jackals
  4 quokkas
  3 bats
  5 giant newts
  10 kobolds
  10 rats
130 creatures vanquished.

Notes
Turn   | Place    | Note
--------------------------------------------------------------
     0 | D:1      | Raultor the Draconian Transmuter began the quest for the Orb.
     0 | D:1      | Reached XP level 1. HP: 16/16 MP: 3/3
   287 | D:1      | Reached XP level 2. HP: 17/23 MP: 5/5
   951 | D:1      | Reached XP level 3. HP: 29/29 MP: 6/6
  1016 | D:2      | HP: 7/29 [poisoned by an adder]
  1311 | D:2      | Reached skill level 2 in Fighting
  1311 | D:2      | Reached skill level 2 in Dodging
  1542 | D:2      | Reached skill level 4 in Unarmed Combat
  1704 | D:2      | Reached XP level 4. HP: 36/36 MP: 7/7
  1708 | D:2      | Learned a level 2 spell: Sticks to Snakes
  1914 | D:2      | Noticed Natasha
  1924 | D:2      | Killed Natasha
  2180 | D:2      | Noticed Terence
  2191 | D:2      | Killed Terence
  2191 | D:2      | Reached XP level 5. HP: 36/42 MP: 5/8
  2250 | D:2      | Reached skill level 3 in Transmutations
  2275 | D:2      | Noticed Crazy Yiuf
  2306 | D:2      | Killed Crazy Yiuf
  3055 | D:3      | Found a blossoming altar of Fedhas.
  3065 | D:3      | Found an ancient bone altar of Kikubaaqudgha.
  3262 | D:3      | Found a snail-covered altar of Cheibriados.
  3356 | D:4      | Reached XP level 6. HP: 36/50 MP: 9/9
  3375 | D:4      | Reached skill level 3 in Dodging
  3375 | D:4      | Reached skill level 5 in Unarmed Combat
  3574 | D:4      | Reached skill level 3 in Fighting
  3923 | D:4      | Found a sacrificial altar of Ru.
  3926 | D:4      | Found a bloodstained altar of Trog.
  3994 | D:4      | Reached skill level 4 in Transmutations
  4039 | D:4      | Noticed Menkaure
  4058 | D:4      | Your scales start taking on a lurid green colour.
  4058 | D:4      | Gained mutation: Your system is resistant to poisons. [Green Draconian growth]
  4058 | D:4      | Reached XP level 7. HP: 55/57 MP: 10/10
  4401 | D:5      | Entered Level 5 of the Dungeon
  4541 | D:5      | Learned a level 5 spell: Blade Hands
  4741 | D:5      | Found a glowing golden altar of the Shining One.
  4977 | D:5      | Found a staircase to the Ecumenical Temple.
  4983 | Temple   | Entered the Ecumenical Temple
  5018 | Temple   | Became a worshipper of Ashenzari the Shackled
  5171 | D:6      | Reached skill level 4 in Fighting
  5171 | D:6      | Reached skill level 6 in Unarmed Combat
  5175 | D:6      | Found an opulent altar of Gozag.
  5221 | D:6      | Found a burning altar of Makhleb.
  5643 | D:6      | Reached skill level 4 in Dodging
  5643 | D:6      | Reached XP level 8. HP: 60/67 MP: 11/11
  5668 | D:6      | Noticed Grinder
  5668 | D:6      | Paralysed by Grinder for 3 turns
  5685 | D:6      | Killed Grinder
  5685 | D:6      | Reached skill level 7 in Unarmed Combat
  5688 | D:6      | Reached skill level 5 in Transmutations
  5800 | D:5      | HP: 14/67 [gnoll sergeant/spear (9)]
  6178 | D:6      | Reached skill level 5 in Fighting
  6736 | D:7      | Noticed a deep elf mage
  6808 | D:7      | You fall through a shaft!
  7117 | D:8      | Found a deep blue altar of Sif Muna.
  7186 | D:8      | Noticed Raultor's ghost (novice DrTm)
  7214 | D:8      | HP: 14/69 [Raultor's ghost/bolt of negative energy (14)]
  7229 | D:8      | Killed from afar by Raultor's ghost

Vault maps used:
D:1:      onia_arrival_pentagram
D:2:      first_bread, hangedman_decor_opposing, uniq_natasha, uniq_terence,
          uniq_crazy_yiuf_cottage
D:3:      minitemple
D:4:      nicolae_ru_awakened_eye, overflow_temple_1_default, uniq_menkaure
D:5:      lemuel_coloured_pillars_altar, minmay_temple_entry_fiery
D:6:      bloody_makhleb, grunt_gozag_breadcrumbs, uniq_grinder
D:7:      serial_shops, nicolae_shop_temple_entry_statues_fountains,
          grunt_livestock
D:8:      led_sif_pool, nicolae_lava_and_water, hangedman_misty_isle
Temple:   corrupted_temple

Action                   |  1- 3 |  4- 6 |  7- 9 || total
-------------------------+-------+-------+-------++-------
Melee: Unarmed           |   125 |   273 |   326 ||   724
 Cast: Beastly Appendage |     4 |     5 |     8 ||    17
       Sticks to Snakes  |       |     7 |    11 ||    18
 Abil: Breathe Noxious F |       |       |     2 ||     2
  Use: Potion            |     1 |       |       ||     1
       Scroll            |       |       |     1 ||     1
 Stab: Sleeping          |     2 |     2 |     3 ||     7
       Distracted        |       |     1 |     4 ||     5
       Confused          |       |       |     1 ||     1
  Eat: Chunk             |     3 |     5 |     9 ||    17
       Meat ration       |       |     1 |       ||     1

Vault maps used:
D:1:      onia_arrival_pentagram
D:2:      first_bread, hangedman_decor_opposing, uniq_natasha, uniq_terence,
          uniq_crazy_yiuf_cottage
D:3:      minitemple
D:4:      nicolae_ru_awakened_eye, overflow_temple_1_default, uniq_menkaure
D:5:      lemuel_coloured_pillars_altar, minmay_temple_entry_fiery
D:6:      bloody_makhleb, grunt_gozag_breadcrumbs, uniq_grinder
D:7:      serial_shops, nicolae_shop_temple_entry_statues_fountains,
          grunt_livestock
D:8:      led_sif_pool, nicolae_lava_and_water, hangedman_misty_isle
Temple:   corrupted_temple

Table legend:
 A = Turns spent in this place as a percentage of turns spent in the entire game.
 B = Non-inter-level travel turns spent in this place as a percentage of non-inter-level travel turns spent in the entire game.
 C = Inter-level travel turns spent in this place as a percentage of turns spent in this place.
 D = Turns resting spent in this place as a percentage of non-inter-level travel turns spent in this place.
 E = Turns spent auto-exploring this place as a percentage of non-inter-level travel turns spent in this place.
 F = Non-inter-level travel turns spent in this place divided by the number of levels of this place that you've seen.
                   A       B       C       D       E      F
               +-------+-------+-------+-------+-------+----------------------
         Total | 100.0 | 100.0 |   0.5 |   1.7 |  11.1 | 194.6
       Dungeon |  98.4 |  98.4 |   0.5 |   1.7 |  10.8 | 215.4
        Temple |   1.6 |   1.6 |   3.4 |   0.0 |  32.1 |  28.0
               +-------+-------+-------+-------+-------+----------------------

Table legend:
 A = Kills in this place as a percentage of kills in entire the game.
 B = Kills by you in this place as a percentage of kills by you in the entire game.
 C = Kills by friends in this place as a percentage of kills by friends in the entire game.
 D = Other kills in this place as a percentage of other kills in the entire game.
 E = Experience gained in this place as a percentage of experience gained in the entire game.
 F = Experience gained in this place divided by the number of levels of this place that you have seen.
                   A       B       C       D       E      F
               +-------+-------+-------+-------+-------+----------------------
         Total | 100.0 | 100.0 |  -nan | 100.0 | 100.0 | 284.7
       Dungeon | 100.0 | 100.0 |  -nan | 100.0 | 100.0 | 320.2
               +-------+-------+-------+-------+-------+----------------------
